 Dungeon Crawl Stone Soup version 0.25.1-2-g60ff931df9 (webtiles) character file.

Game seed: 10403742559716028070

273 protoss039 the Magician (level 6, -10/32 HPs)
             Began as a Deep Elf Earth Elementalist on Aug 21, 2020.
             Mangled by an ogre
             ... wielding a +0 giant club
              (14 damage)
             ... on level 5 of the Dungeon.
             The game lasted 00:10:19 (4868 turns).

protoss039 the Magician (DEEE)                      Turns: 4868, Time: 00:10:19

Health: -10/32     AC:  7    Str:  5    XL:     6   Next: 2%
Magic:  15/16      EV: 13    Int: 22    God:
Gold:   201        SH:  0    Dex: 15    Spells: 6/16 levels left

rFire    . . .     SeeInvis .   l - +0 dagger (venom)
rCold    . . .     Gourm    .   (no shield)
rNeg     . . .     Faith    .   c - +0 robe
rPois    +         Spirit   .   s - +1 helmet
rElec    +         Reflect  .   B - +0 cloak of Piorelul {rElec} (curse)
rCorr    .         Harm     .   n - +0 pair of gloves
MR       .....                  e - +0 pair of boots
Stlth    ++........             (no amulet)
HPRegen  0.10/turn              y - ring of poison resistance
MPRegen  0.15/turn              v - ring of wizardry

@: no status effects
A: no striking features
a: no special abilities


You were on level 5 of the Dungeon.
You were hungry.

You visited 1 branch of the dungeon, and saw 5 of its levels.

You collected 201 gold pieces.

Inventory:

Hand Weapons
 l - a +0 dagger of venom (weapon)
Missiles
 b - 60 stones (quivered)
 i - 7 curare-tipped darts
 j - 8 poisoned darts
Armour
 c - a +0 robe (worn)
 e - a +0 pair of boots (worn)
 n - a +0 pair of gloves (worn)
 s - a +1 helmet (worn)
 B - the cursed +0 cloak of Piorelul (worn) {rElec}
   (You found it on level 4 of the Dungeon)

   It insulates you from electricity.
   It has a curse placed upon it.
Jewellery
 v - a ring of wizardry (right hand)
 y - a ring of poison resistance (left hand)
 C - a +4 ring of evasion
Wands
 x - a wand of paralysis (5)
Scrolls
 a - a scroll of identify
 g - 3 scrolls of enchant weapon
 k - a scroll of fog
 o - a scroll of magic mapping
 q - 3 scrolls of remove curse
 r - a scroll of amnesia
 t - a scroll of blinking
 w - 3 scrolls of teleportation
 D - a scroll of fear
 E - a scroll of immolation
Potions
 f - 2 potions of mutation {unknown}
 h - 5 potions of haste
 m - 2 potions of lignification
 p - a potion of berserk rage {unknown}
 u - a potion of curing {unknown}
 z - a potion of magic {unknown}
Comestibles
 d - 11 rations


   Skills:
 - Level 3.0 Dodging
 - Level 3.0 Stealth
 + Level 5.8 Spellcasting
 + Level 0.5 Conjurations
 + Level 1.1 Transmutations
 + Level 5.6 Earth Magic


You had 6 spell levels left.
You knew the following spells:

 Your Spells              Type           Power        Failure   Level  Hunger
a - Sandblast             Erth           ####..       1%          1    None
b - Passwall              Tmut/Erth      ###.....     1%          2    None
c - Stone Arrow           Conj/Erth      ###...       3%          3    ##.....
d - Petrify               Tmut/Erth      ###.....     10%         4    ####...

Your spell library contained the following spells:

 Spells                   Type           Power        Failure   Level  Hunger
 Lee's Rapid Deconstruct  Erth           ####......   11%         5    #####..


Dungeon Overview and Level Annotations

Branches:
Dungeon (5/15)
 Temple: D:4-7

Altars:
Trog
Xom
Zin
Beogh

Annotations:
D:2 Sigmund
D:3 3 runed translucent doors, ywyr's ghost, amateur MfSk


Message History

Unknown command.
Unknown command.
You climb downwards.
You hear the sound of rushing water.
There is an entrance to a sewer on this level.
Hurry and find it before the portal rusts away!
You hear the slow rusting of a drain nearby.
The ogre hits you with a +0 giant club!!
Ouch! That really hurt!
* * * LOW HITPOINT WARNING * * *
There is a stone staircase leading up, spattered with blood here.
Casting: Sandblast (safe; 1% risk of failure)
Confirm with . or Enter, or press ? or * to list all spells.
Aiming: Sandblast (safe; 1% risk of failure)
Press: ? - help, Shift-Dir - straight line, f - ogre
Aim: an ogre, wielding a +0 giant club The blast of sand hits the ogre!
The ogre is moderately wounded.
b - 60 stones The ogre hits you with a +0 giant club!
You die...

..#.. ....# .
#### #...# ..
....####...##...
................
................
##..............
≈#.....@O.......
≈#...>..........
≈#.....###[.....
##...## ......
..... ..... ....
..... ... ....
... ....


You could see an ogre.

Vanquished Creatures
  Blork the orc (D:5)
  An orc priest (D:4)
  An iguana (D:4)
  An orc wizard (D:4)
  3 gnolls (D:2)
  2 adders
  A shadow imp (D:5)
  An adder skeleton (D:4)
  3 worms
  2 dart slugs (D:2)
  8 orcs
  3 bats
  A giant cockroach (D:4)
  3 goblins
  5 hobgoblins
  A jackal (D:4)
  3 quokkas
  2 ball pythons
  3 frilled lizards
  4 kobolds
  4 rats
53 creatures vanquished.

Notes
Turn   | Place    | Note
-------+----------+-------------------------------------------
     0 | D:1      | protoss039 the Deep Elf Earth Elementalist began the quest
                  | for the Orb.
     0 | D:1      | Reached XP level 1. HP: 10/10 MP: 6/6
  1328 | D:1      | Reached XP level 2. HP: 10/15 MP: 6/8
  1866 | D:2      | Reached XP level 3. HP: 11/19 MP: 5/9
  2076 | D:2      | Found a snail-covered altar of Cheibriados.
  2078 | D:2      | Found a glowing golden altar of the Shining One.
  2078 | D:2      | Found a shimmering blue altar of Sif Muna.
  2080 | D:2      | Found a shimmering altar of Xom.
  2080 | D:2      | Found a bloodstained altar of Trog.
  2080 | D:2      | Found a hide-covered altar of Uskayaw.
  2132 | D:2      | Found a glowing silver altar of Zin.
  2213 | D:2      | Noticed Sigmund
  2218 | D:2      | Learned a level 2 spell: Passwall
  2222 | D:2      | Learned a level 3 spell: Stone Arrow
  2664 | D:3      | Reached XP level 4. HP: 24/24 MP: 10/12
  3114 | D:3      | Found a runed translucent gate.
  3114 | D:3      | Found a runed translucent gate.
  3114 | D:3      | Found a runed translucent gate.
  3117 | D:3      | Noticed ywyr's ghost (amateur MfSk)
  3118 | D:3      | Identified the +1 leather armour of Hide-and-Seek {Harm
                  | SInv}
  3120 | D:3      | Found a roughly hewn altar of Beogh.
  4272 | D:4      | Got a smouldering cloak
  4278 | D:4      | Identified the cursed +0 cloak of Piorelul {rElec} (You
                  | found it on level 4 of the Dungeon)
  4292 | D:4      | Reached skill level 5 in Spellcasting
  4292 | D:4      | Reached skill level 5 in Earth Magic
  4292 | D:4      | Reached XP level 5. HP: 28/28 MP: 7/14
  4756 | D:4      | Learned a level 4 spell: Petrify
  4757 | D:5      | Entered Level 5 of the Dungeon
  4758 | D:5      | Noticed Blork the orc
  4762 | D:5      | Noticed an ogre
  4767 | D:5      | Killed Blork the orc
  4767 | D:5      | Reached XP level 6. HP: 28/32 MP: 2/16
  4868 | D:5      | Mangled by an ogre

Illustrated notes

Levels and vault maps discovered:
D:1:      wheals_arrival_shading, layout_basic, minmay_misc_feat_encased
D:2:      layout_basic, doesnt_xom_only_xom, lemuel_coloured_pillars_altar,
          first_ration, uniq_sigmund
D:3:      layout_loops_ring, biasface_ghost_orc_armoury
D:4:      layout_rooms
D:5:      layout_cave_pods, gup_sewer_entry_glass, minivault_23,
          uniq_blork_the_orc, uniq_eustachio

Skill      XL: |  1  2  3  4 |
---------------+-------------+-----
Dodging        | 3 |  3.0
Stealth        | 3 |  3.0
Earth Magic    | 4 5 |  5.6
Spellcasting   | 4 5 |  5.8
Conjurations   | |  0.5
Transmutations | |  1.1

Action                   |  1- 3 |  4- 6 || total
-------------------------+-------+-------++-------
Melee: Dagger            |    33 |    46 ||    79
       Spear             |     2 |       ||     2
       Unarmed           |     2 |       ||     2
 Cast: Sandblast         |    18 |    28 ||    46
       Stone Arrow       |     2 |     8 ||    10
  Use: Potion            |     1 |       ||     1
       Scroll            |       |    11 ||    11
 Stab: Sleeping          |     3 |     2 ||     5
  Eat: Chunk             |     5 |     7 ||    12
Armor: Robe              |    14 |    10 ||    24
Dodge: Dodged            |    29 |    23 ||    52
